 Dungeon Crawl Stone Soup version 0.31.0-4-g52a2dc7128 (webtiles) character file.

Game seed: 9111124859706648998

96 mtoz the Shield-Bearer (level 4, -3/41 HPs)
             Began as a Minotaur Fighter on Jan 22, 2024.
             Was a Believer of Zin.
             Succumbed to an orc wizard's poison
             ... on level 3 of the Dungeon on Jan 23, 2024.
             The game lasted 00:11:00 (2008 turns).

mtoz the Shield-Bearer (Minotaur Fighter)           Turns: 2008, Time: 00:11:01

Health: -3/41      AC:  8    Str: 20 (23) XL:     4   Next: 41%
Magic:  3/3        EV:  9    Int:  3 (5)  God:    Zin [**....]
Gold:   110        SH:  4    Dex:  7 (9)  Spells: 3/3 levels left

rFire   . . .        a - +0 war axe
rCold   . . .        c - +0 buckler
rNeg    . . .        b - +0 scale mail
rPois   .            (helmet restricted)
rElec   .            k - +0 cloak
rCorr   .            (no gloves)
SInv    .            (no boots)
Will    .....        (no amulet) Stlth
                     (no ring)
HPRegen 0.26/turn    (no ring)
MPRegen 0.08/turn

%: no passive effects
@: lethally poisoned (-3 -> -14)
A: horns 2, retaliatory headbutt
a: Renounce Religion, Recite, Vitalisation, Donate Gold


You were on level 3 of the Dungeon.
You worshipped Zin.
Zin was pleased with you.
You visited 1 branch of the dungeon, and saw 3 of its levels.

You collected 122 gold pieces.
You donated 12 gold pieces to Zin.

Inventory:

Hand Weapons
 a - a +0 war axe (weapon)
 g - a +0 mace
Missiles
 m - 33 stones (quivered)
 n - 6 atropa-tipped darts
 q - 3 boomerangs
Armour
 b - a +0 scale mail (worn)
 c - a +0 buckler (worn)
 k - a +0 cloak (worn)
Scrolls
 e - a scroll of vulnerability
 f - a scroll of enchant weapon
 h - 2 scrolls of poison
 i - a scroll of enchant armour {unknown}
 j - a scroll of immolation {unknown}
 s - a scroll of amnesia {unknown}
 t - a scroll of brand weapon {unknown}
Potions
 d - a potion of might


   Skills:
 + Level 4.4 Fighting
 + Level 3.5 Axes
 + Level 4.4 Armour
 + Level 4.4 Shields


You had 3 spell levels left.
You didn't know any spells.
Your spell library was empty.

Dungeon Overview and Level Annotations

Branches:
Dungeon (3/15)

Altars:
Zin

Shops:
D:3 *


Innate Abilities, Weirdness & Mutations

You have a pair of horns on your head.
You reflexively headbutt those who attack you in melee.


Message History

You kill the endoplasm!
The orc hits you with a +0 hand axe. You block the orc's attack. x2
The orc misses you. The orc closely misses you.
You hit the orc.
You kill the orc!
You barely miss the orc. You slash the orc!
You kill the orc!
The orc barely misses you.
You barely miss the orc. You headbutt the orc.
The orc is severely wounded.
You closely miss something. The orc completely misses you.
You furiously retaliate!
You headbutt the orc.
You kill the orc!
Something hits you but does no damage.
Your life force feels restored.
No target in view!
No target in view!
You miss something. Something hits you but does no damage.
You are poisoned.
Something hits you.
You barely miss something. You headbutt something.
You feel very sick. Something hits you.
You hit something but do no damage. Your headbutt misses something.
You feel very sick.
You hear some strange, mumbled words.
A magic dart appears from out of thin air!
The magic dart hits you. You block something's attack.
You slash something!
You feel sick. You block something's attack.
You barely miss something.
You feel sick. You block something's attack.
You closely miss something. Your headbutt misses something.
You feel sick. Something hits you.
* * * LOW HITPOINT WARNING * * *
You are lethally poisoned!
You hear some strange, mumbled words.
A puff of flame appears from out of thin air!
The puff of flame hits you!
* * * LOW HITPOINT WARNING * * *
You closely miss something.
You die...

##.# ##### #.#
#.#...###...## #.#
#...#..#..#..# #.##
#..###...###.# #..###
#..#.
#).#..#####.....
#...###...##.........
##...^o..!...########
##..{##....#.##
#..#)@#..#...#
#..###.).###..#
#...#..#..#...#
#.....#.......#
##......#....##
#####....#### ######


There were no monsters in sight!

Vanquished Creatures
  A gnoll (D:1)
  2 adders
  2 dart slugs (D:1)
  11 orcs (D:3)
  6 ball pythons
  3 endoplasms
  5 goblins
  3 hobgoblins
  2 quokkas (D:1)
  5 bats
  5 frilled lizards (D:1)
  5 kobolds
  4 rats
54 creatures vanquished.

Notes
Turn   | Place    | Note
-------+----------+-------------------------------------------
     0 | D:1      | mtoz the Minotaur Fighter began the quest for the Orb.
     0 | D:1      | Reached XP level 1. HP: 19/19 MP: 0/0
   117 | D:1      | Reached XP level 2. HP: 27/27 MP: 1/1
   373 | D:1      | Reached XP level 3. HP: 33/33 MP: 2/2
  1107 | D:2      | Found a faded altar of an unknown god.
  1629 | D:2      | Prayed at the altar of an unknown god.
  1629 | D:2      | Became a worshipper of Zin the Law-Giver
  1629 | D:2      | Reached * piety under Zin
  1629 | D:2      | Reached ** piety under Zin
  1729 | D:3      | Reached XP level 4. HP: 40/40 MP: 3/3
  1911 | D:3      | Found Jykyimm's Assorted Antiques.
  2007 | D:3      | HP: 1/41 [something/puff of flame (8)]
  2008 | D:3      | Succumbed to an orc wizard's poison

Illustrated notes

Levels and vault maps discovered:
D:1:      grunt_arrival_crossed_arrows, layout_basic
D:2:      layout_loops_ring, basic_ecumenical_altar
D:3:      layout_loops_ring, serial_shops, nicolae_shop_overgrown_old_shop,
          minmay_strange_pillars

Skill      XL: |  1  2 |
---------------+-------+-----
Fighting       | 4 |  4.4
Armour         | 4 |  4.4
Shields        | 4 |  4.4
Axes           | 3 |  3.5

Action                     |  1- 3 |  4- 6 || total
---------------------------+-------+-------++-------
  Melee: War axe           |    92 |    41 ||   133
         Headbutt          |     3 |     9 ||    12
    Use: Scroll            |     4 |       ||     4
         Potion            |     3 |       ||     3
 Armour: Scale mail        |    66 |    41 ||   107
  Dodge: Dodged            |    36 |    18 ||    54
  Block: Buckler           |    20 |    11 ||    31
